 Dungeon Crawl Stone Soup version 0.22-a0-410-g97be04f (webtiles) character file.

43 4thArraOfDagon the Magician (level 3, -1/24 HPs)
             Began as a Mummy Fire Elementalist on May 11, 2018.
             Slain by a black bear (8 damage)
             ... on level 8 of the Dungeon.
             The game lasted 00:03:10 (988 turns).

4thArraOfDagon the Magician (MuFE)                   Turns: 988, Time: 00:03:10

Health: -1/24      AC:  4    Str: 11    XL:     3   Next: 37%
Magic:  0/7        EV: 12    Int: 15    God:
Gold:   68         SH:  0    Dex: 12    Spells: 4/8 levels left

rFire    . . .     SeeInvis .   (no weapon)
rCold    . . .     Gourm    .   (no shield)
rNeg     + + +     Faith    .   a - +0 robe
rPois    ∞         Spirit   .   (no helmet)
rElec    .         Reflect  .   (no cloak)
rCorr    .         Harm     .   f - +0 pair of gloves
MR       .....                  e - +0 pair of boots
Stlth    ++........             (no amulet)
HPRegen  0.08/turn              b - ring of fire
MPRegen  0.10/turn              (no ring)

@: very slightly contaminated
A: no food or potions, fire vulnerability, cold resistance 1, negative energy
resistance 3, torment resistance, unbreathing
a: no special abilities


You were on level 8 of the Dungeon.
You were not hungry.

You visited 1 branch of the dungeon, and saw 7 of its levels.

You collected 68 gold pieces.

Inventory:

Armour
 a - a +0 robe (worn)
 e - a +0 pair of boots (worn)
 f - a +0 pair of gloves (worn)
Jewellery
 b - a ring of fire (left hand)
Scrolls
 d - 2 scrolls of identify


   Skills:
 - Level 1.5 Dodging
 - Level 1.5 Stealth
 + Level 3.1 Spellcasting
 * Level 1.8 Conjurations
 * Level 3.0 Fire Magic


You had 4 spell levels left.
You knew the following spells:

 Your Spells              Type           Power        Failure   Level  Hunger
a - Flame Tongue          Conj/Fire      ##...        8%          1    N/A
b - Conjure Flame         Conj/Fire      ##......     22%         3    N/A

Dungeon Overview and Level Annotations

Branches:
Dungeon (8/15)
 Temple: D:4-7         Lair: D:8-11

Altars:
Uskayaw

Annotations:
D:4 Grinder, Natasha


Innate Abilities, Weirdness & Mutations

You do not eat or drink.
Your flesh is vulnerable to fire.
You are immune to poison.
Your flesh is cold resistant. (rC+)
You are immune to negative energy. (rN+++)
You are immune to unholy pain and torment.
You can survive without breathing.


Message History

The black bear is moderately wounded.
The black bear barely misses you.
The black bear claws you but does no damage.
The black bear misses you.
Casting: Flame Tongue (safe; 8% risk of failure)
Confirm with . or Enter, or press ? or * to list all spells.
Aiming: Flame Tongue (safe; 8% risk of failure)
Press: ? - help, Shift-Dir - straight line, f/p - black bear
Aim: a black bear (moderately wounded)
You feel a surge of power!
The flame tongue hits the black bear.
The black bear is heavily wounded.
The black bear bites you!
* * * LOW HITPOINT WARNING * * *
The black bear barely misses you.
The black bear claws you but does no damage.
Unknown command.
You hit the black bear.
The black bear is heavily wounded.
The black bear bites you!
You die...

###############
######.......).h@..#
...<...###########.#
.#...### .# ....$..
.# ...h..... ≈#
......#### ≈#
.#...## ≈# .##### ;#
.


You could see a black bear.

Vanquished Creatures
  An adder (D:2)
  A shadow imp (D:7)
  An adder zombie (D:3)
  A worm (D:3)
  A giant cockroach (D:2)
  A goblin (D:1)
  4 hobgoblins
  3 jackals (D:3)
  3 bats
  2 frilled lizards
  2 kobolds (D:1)
20 creatures vanquished.

Notes
Turn   | Place    | Note
-------+----------+-------------------------------------------
     0 | D:1      | 4thArraOfDagon the Mummy Fire Elementalist began the quest for the Orb.
     0 | D:1      | Reached XP level 1. HP: 13/13 MP: 4/4
   113 | D:1      | Reached skill level 1 in Conjurations
   269 | D:1      | Reached XP level 2. HP: 19/19 MP: 1/5
   506 | D:3      | Reached XP level 3. HP: 24/24 MP: 1/7
   513 | D:3      | Learned a level 3 spell: Conjure Flame
   747 | D:4      | Noticed Grinder
   757 | D:4      | Found a hide-covered altar of Uskayaw.
   778 | D:4      | Noticed an ogre
   788 | D:4      | Noticed Natasha
   793 | D:4      | You fall through a shaft for 2 floors!
   856 | D:6      | Noticed an orc warrior
   967 | D:8      | Noticed a black bear
   988 | D:8      | Slain by a black bear

Vault maps used:
D:1:      nzn_arrival_depleted_hourglass
D:3:      first_ration
D:4:      corexii_shack_village, kennysheep_little_box, uniq_natasha,
          uniq_grinder
D:6:      cheibrodos_quashed, bloody_trog, st_stairs_13,
          nicolae_dithmenos_the_darkroom, uniq_blork_the_orc, uniq_eustachio
D:7:      tso_metal_star, minitemple, minmay_temple_entry_enclosed_plants,
          lemuel_flame_loot_1
D:8:      lemuel_coloured_pillars_altar, lemuel_doored_altar, special_room,
          grunt_pizzeria, lightli_minifort, uniq_pikel

Skill      XL: |  1  2  3 |
---------------+----------+-----
Conjurations   | 1 |  1.8
Spellcasting   | 3 |  3.1
Fire Magic     | 3 |  3.0
Dodging        | |  1.5
Stealth        | |  1.5

Action                   || total
-------------------------++-------
Melee: Unarmed           ||     5
 Cast: Flame Tongue      ||    50
       Conjure Flame     ||     1
  Use: Scroll            ||     4
Armor: Robe              ||    10
Dodge: Dodged            ||    27

Table legend:
 A = Spawn XP
 B = Non-spawn XP
 C = Spawn XP percentage of total XP
 D = Spawn monster count
 E = Non-spawn monster count
 F = Spawn count percentage of total count
 G = Total turns spent on level
                    A         B        C        D         E        F      G
               +---------+---------+-------+---------+---------+-------+---------
         Total |       0 |      62 |   0.0 |       0 |      20 |   0.0 |   988
               +---------+---------+-------+---------+---------+-------+---------
           D:1 |       0 |      12 |   0.0 |       0 |       7 |   0.0 |   299
           D:2 |       0 |      18 |   0.0 |       0 |       4 |   0.0 |   152
           D:3 |       0 |      21 |   0.0 |       0 |       8 |   0.0 |   288
           D:7 |       0 |      11 |   0.0 |       0 |       1 |   0.0 |    44
               +---------+---------+-------+---------+---------+-------+---------
